AoeStats
← Jan_Rui

Fortress

509894176Analyzed
4v4 RM · 5d ago on Sep 28, 2026· 40m 38s· 8 players
Game mode
Random Map
Map size
Huge
Population
200
Speed
Normal
Resources
Standard
Victory
Conquest
Starting age
Dark Age
Ending age
Imperial Age
RankedLock teamsTeams togetherTeam positionsShared explorationLock speedFull tech treeHidden civsTurbo modeCheats
Victory
Defeat
🇭🇰 Portuguese · Hong Kong SAR China
1140
+14
🇨🇳 Berbers · China
1110
+15
🇨🇳 Franks · China
1110
+15
🇨🇳 Spanish · China
962
+20
🇹🇼 Gurjaras · Taiwan
1102
-17
🇩🇪 Danes · Germany
1084
-16
🇨🇴 Saracens · Colombia
1077
-16
🇦🇷 Maya · Argentina
1061
-15
Jan_Rui
8:16 Feudal Age
9:47 Wheelbarrow
14:56 Castle Age
20:07 Fletching
20:29 Forging
20:24 Scale Barding Armor
20:30 Double-Bit Axe
20:26 Horse Collar
22:53 Chain Barding Armor
22:28 Bodkin Arrow
26:50 Loom
27:10 Stone Mining
27:31 Bow Saw
27:23 Heavy Plow
27:39 Gold Mining
31:21 Gold Shaft Mining
34:38 Imperial Age
32:30 Husbandry
32:40 Bloodlines
33:46 Bloodlines
34:17 Iron Casting
35:11 Town Watch
37:11 Conscription
36:18 Heavy Camel Rider
36:54 Elite Mameluke
b7ackwar
8:38 Feudal Age
6:54 Loom
9:59 Double-Bit Axe
13:24 Castle Age
11:43 Horse Collar
18:15 Bow Saw
18:07 Heavy Plow
23:07 Wheelbarrow
23:38 Gold Mining
26:56 Imperial Age
25:43 Hand Cart
25:37 Squires
25:44 Scale Mail Armor
25:55 Forging
25:37 Fletching
27:02 Hamask
28:47 Chain Mail Armor
29:07 Iron Casting
29:38 Ballistics
30:19 Chemistry
30:36 Siege Engineers
30:29 Bodkin Arrow
30:34 Padded Archer Armor
31:06 Plate Mail Armor
31:48 Masonry
31:33 Murder Holes
31:25 Town Watch
31:20 Elite Skirmisher
32:06 Thumb Ring
33:04 Bracer
33:20 Leather Archer Armor
34:06 Blast Furnace
33:52 Conscription
Jimmy Jay
8:05 Feudal Age
8:31 Double-Bit Axe
13:02 Castle Age
12:25 Horse Collar
12:36 Gold Mining
14:02 Bow Saw
13:53 Heavy Plow
13:45 Stone Mining
14:06 Fletching
14:27 Loom
23:45 Imperial Age
22:43 Wheelbarrow
22:28 Squires
22:29 Padded Archer Armor
22:40 Forging
24:42 Hand Cart
24:42 Town Watch
24:25 Elite Plumed Archer
25:27 Conscription
26:53 Chemistry
26:30 Bodkin Arrow
27:03 Ballistics
29:08 Masonry
30:30 Leather Archer Armor
30:15 Bracer
30:33 Leather Archer Armor
32:48 Ring Archer Armor
34:27 Hul'che Javelineers
34:58 Elite Skirmisher
35:44 Thumb Ring
35:58 Pikeman
36:23 Arson
36:39 Scale Mail Armor
36:49 Forging
PERCENT5175
7:18 Feudal Age
8:00 Double-Bit Axe
12:54 Castle Age
11:23 Horse Collar
12:31 Gold Mining
13:10 Town Watch
14:00 Bow Saw
15:06 Heavy Plow
15:31 Loom
16:01 Stone Mining
18:00 Elite Skirmisher
23:20 Fletching
27:10 Herbal Medicine
27:38 Bloodlines
28:41 Wheelbarrow
28:15 Husbandry
32:29 Imperial Age
30:11 Bodkin Arrow
31:16 Gold Shaft Mining
31:38 Kshatriyas
32:05 Padded Archer Armor
32:42 Heavy Camel Rider
34:01 Conscription
33:54 Bracer
34:47 Scale Barding Armor
35:35 Leather Archer Armor
36:35 Frontier Guards
36:57 Ballistics
37:23 Scale Mail Armor
OG.faker
7:51 Feudal Age
8:39 Double-Bit Axe
12:42 Castle Age
14:00 Bow Saw
21:47 Wheelbarrow
21:48 Gold Mining
23:11 Hand Cart
22:56 Stone Mining
23:16 Horse Collar
24:15 Gold Shaft Mining
24:17 Stone Shaft Mining
27:26 Imperial Age
25:29 Ballistics
24:50 Treadmill Crane
25:56 Heavy Plow
27:12 Kasbah
27:30 Bloodlines
27:21 Husbandry
28:00 Fletching
28:12 Padded Archer Armor
28:45 Bodkin Arrow
28:15 Elite Camel Archer
29:15 Conscription
28:59 Maghrebi Camels
30:37 Chemistry
30:14 Bracer
30:29 Leather Archer Armor
34:02 Forging
34:23 Ring Archer Armor
34:00 Scale Barding Armor
34:18 Light Cavalry
35:55 Forging
36:06 Chain Barding Armor
37:02 Crop Rotation
36:52 Hussar
40:05 Iron Casting
40:05 Plate Barding Armor
Kobe-Bryant
6:48 Feudal Age
12:00 Double-Bit Axe
14:25 Castle Age
16:25 Bow Saw
18:49 Loom
19:40 Wheelbarrow
21:11 Gold Mining
21:14 Stone Mining
25:16 Hand Cart
30:50 Imperial Age
28:06 Town Watch
29:59 Town Patrol
30:30 Pikeman
31:10 Squires
30:56 Arson
31:23 Scale Mail Armor
31:34 Forging
32:30 Conscription
31:32 Elite Throwing Axeman
32:27 Halberdier
35:14 Chain Mail Armor
35:37 Iron Casting
Rex Incognito
7:39 Feudal Age
11:17 Castle Age
9:39 Double-Bit Axe
10:14 Horse Collar
15:07 Padded Archer Armor
19:49 Wheelbarrow
24:51 Bow Saw
24:42 Heavy Plow
24:59 Gold Mining
30:50 Imperial Age
28:43 Leather Archer Armor
28:40 Stone Mining
29:28 Bloodlines
29:19 Husbandry
29:18 Loom
30:58 Scale Barding Armor
31:11 Hand Cart
31:39 Ballistics
32:31 Chemistry
32:18 Stone Shaft Mining
32:35 Guilds
33:12 Ring Archer Armor
34:12 Two-Man Saw
34:37 Fletching
35:31 Ballistics
34:50 Capped Ram
35:17 Elite Skirmisher
36:17 Bodkin Arrow
37:01 Bracer
MasterXuanyi
7:18 Feudal Age
12:03 Castle Age
9:52 Double-Bit Axe
10:08 Horse Collar
13:49 Loom
14:32 Stone Mining
16:21 Bow Saw
16:18 Gold Mining
19:32 Wheelbarrow
20:08 Heavy Plow
23:29 Town Watch
26:53 Imperial Age
26:19 Hand Cart
26:09 Elite Skirmisher
28:37 Fletching
29:14 Padded Archer Armor
29:11 Bodkin Arrow
30:42 Chemistry
30:11 Thumb Ring
31:38 Leather Archer Armor
31:25 Bracer
34:26 Elite Genitour
36:57 Ring Archer Armor
37:13 Bombard Tower
37:30 Fortified Wall
38:03 Conscription
38:46 Siege Engineers
Connection lost

Rejoining the realm…

Still unreachable

The connection could not be restored.

Session expired

The server has moved on; the page needs a fresh start.